 Dungeon Crawl Stone Soup version 0.31-a0-37-g98a128e1d9 (webtiles) character file.

Game seed: 14448400333961905036

72 Klosterheim the Cudgeller (level 4, -2/40 HPs)
             Began as a Draconian Reaver on May 16, 2023.
             Slain by an orc
             ... wielding a +0 hand axe
              (5 damage)
             ... on level 3 of the Dungeon.
             The game lasted 00:02:52 (1679 turns).

Klosterheim the Cudgeller (Draconian Reaver)        Turns: 1679, Time: 00:02:53

Health: -2/40      AC:  5    Str: 14    XL:     4   Next: 6%
Magic:  7/7        EV: 12    Int: 16    God:
Gold:   93         SH:  0    Dex:  9    Spells: 6/7 levels left

rFire   . . .        a - +0 mace
rCold   . . .        (no shield)
rNeg    . . .        (body armour unavailable)
rPois   .            (helmet restricted)
rElec   .            (no cloak)
rCorr   .            (no gloves)
SInv    .            (no boots)
Will    .....        (no amulet)
Stlth   +            (no ring)
HPRegen 0.26/turn    (no ring)
MPRegen 0.10/turn

%: no passive effects
@: confused
A: AC +5, unfitting armour, cold-blooded
a: no special abilities


You were on level 3 of the Dungeon.
You visited 1 branch of the dungeon, and saw 4 of its levels.

You collected 93 gold pieces.

Inventory:

Hand Weapons
 a - a +0 mace (weapon)
Scrolls
 b - a scroll of enchant weapon {unknown}
 d - a scroll of poison {unknown}
 g - 3 scrolls of identify {unknown}
 h - a scroll of magic mapping
Potions
 c - a potion of attraction {unknown}
 e - a potion of cancellation {unknown}
 f - 2 potions of curing {unknown}


   Skills:
 + Level 3.6 Fighting
 + Level 4.0 Maces & Flails
 - Level 2.0 Dodging
 - Level 2.0 Spellcasting
 - Level 3.0 Conjurations


You had 6 spell levels left.
You knew the following spells:

 Your Spells              Type           Power      Damage    Failure   Level
a - Kiss of Death         Conj/Necr      24%        2d7       11%         1

Your spell library contained the following spells:

 Spells                   Type           Power      Damage    Failure   Level
 Momentum Strike          Conj/Tloc      12%        3d8       17%         2
 Dazzling Flash           Conj/Hex       12%        N/A       32%         3
 Hailstorm                Conj/Ice       6%         3d4       32%         3
 Ozocubu's Armour         Ice            1%         N/A       52%         3
 Agony                    Necr           1%         N/A       99%         5
 Metabolic Englaciation   Hex/Ice        0%         N/A       99%         5
 Silence                  Hex/Air        0%         N/A       99%         5
 Simulacrum               Ice/Necr       0%         N/A       100%        6


Dungeon Overview and Level Annotations

Branches:
Dungeon (4/15)
 Temple: D:4-7

Altars:

Shops:
D:1 [[(:


Innate Abilities, Weirdness & Mutations

Your plain brown scales are hard. (AC +5)
You cannot fit into any form of body armour.
You are cold-blooded and may be slowed by cold attacks.


Message History

You are too injured to fight recklessly!
You are too injured to fight recklessly!
You are too injured to fight recklessly!
You are too injured to fight recklessly!
You are too injured to fight recklessly!
Unknown command.
The orc attacks as you move away! The orc misses you.
Something hits you but does no damage.
You barely miss something. Something hits you.
You miss something. Something hits you.
You barely miss something.
Your tail-slap misses something.
Something completely misses you.
You closely miss something.
Your tail-slap misses something.
Something hits you.
* * * LOW HITPOINT WARNING * * *
The rat twitches its whiskers.
You closely miss something.
Your tail-slap misses something.
Something hits you.
* * * LOW HITPOINT WARNING * * *
Something hits you.
* * * LOW HITPOINT WARNING * * *
The orc hits you with a +0 hand axe.
* * * LOW HITPOINT WARNING * * *
You miss something.
You hear the drain falling apart.
Something hits you but does no damage. The orc barely misses you.
You closely miss something. The orc barely misses you.
Something hits you but does no damage.
You completely miss something. Something hits you.
* * * LOW HITPOINT WARNING * * *
The orc misses you.
You miss something. The orc hits you but does no damage.
Something hits you but does no damage.
You barely miss something. The orc hits you with a +0 hand axe.
* * * LOW HITPOINT WARNING * * *
Something hits you but does no damage.
You hear some strange, mumbled words.
You are confused.
The orc hits you with a +0 hand axe.
You die...

...................#
........###.##.#.###
........###.##.#.#
.............#.#.#
###.###........#'####
..# ###..........#
... #..........# .
#.....o....#
#.....#@####
#.....#{# #.....#o#
#......r).#
####......#
..........
####.....### #.....#
#.....#


You could see 2 orcs and a rat.

Vanquished Creatures
  An adder (D:4)
  2 worms (D:2)
  3 dart slugs (D:2)
  3 orcs (D:3)
  4 ball pythons
  7 endoplasms
  2 giant cockroaches
  5 hobgoblins
  3 kobolds
  2 quokkas (D:1)
  2 bats
  4 goblins (D:1)
  6 rats
44 creatures vanquished.

Notes
Turn   | Place    | Note
-------+----------+-------------------------------------------
     0 | D:1      | Klosterheim the Draconian Reaver began the quest for the
                  | Orb.
     0 | D:1      | Reached XP level 1. HP: 17/17 MP: 3/3
   136 | D:1      | Found Unur's Book Boutique.
   212 | D:1      | Reached XP level 2. HP: 19/25 MP: 5/5
   277 | D:1      | Found Pyekih's Weapon Emporium.
   437 | D:1      | Found Ecetwopp's Armour Boutique.
   559 | D:1      | Found Ympis's Armour Shop.
   954 | D:2      | Reached XP level 3. HP: 31/31 MP: 6/6
   974 | D:2      | You fall into a shaft and drop 2 floors!
  1574 | D:3      | Reached skill level 4 in Maces & Flails
  1605 | D:3      | Reached XP level 4. HP: 34/39 MP: 7/7
  1679 | D:3      | Slain by an orc

Illustrated notes

Levels and vault maps discovered:
D:1:      nicolae_arrival_washed_ashore, layout_basic, serial_shops,
          nicolae_shop_statue_plus, shop, nicolae_shop_back_alley_shop, shop,
          minmay_indecisive_spiral
D:2:      layout_loops_ring
D:3:      layout_basic, cheibrodos_sewer_entry_drain, uniq_natasha,
          uniq_crazy_yiuf_cottage
D:4:      layout_basic, minmay_hedge_maze, uniq_duvessa, uniq_eustachio,
          uniq_ijyb

Skill      XL: |  1  2  3 |
---------------+----------+-----
Dodging        | 2 |  2.0
Fighting       | 3 |  3.6
Maces & Flails | 4 |  4.0
Spellcasting   | |  2.0
Conjurations   | |  3.0

Action                     |  1- 3 |  4- 6 || total
---------------------------+-------+-------++-------
  Melee: Mace              |   123 |    24 ||   147
         Tailslap          |    17 |       ||    17
    Use: Scroll            |     4 |       ||     4
   Stab: Sleeping          |     1 |       ||     1
 Armour: Skin              |    37 |    17 ||    54
  Dodge: Dodged            |    70 |    26 ||    96

Table legend: (Time is in decaauts)
 A = Elapsed time spent in this place.
 B = Non-inter-level travel time spent in this place.
 C = Inter-level travel time spent in this place.
 D = Time resting spent in this place.
 E = Time spent auto-exploring this place.
 F = Levels seen in this place.
 G = Mean time per level.
                   A        B        C        D        E       F      G
               +--------+--------+--------+--------+--------+-----+--------+
         Total |   1713 |   1575 |    138 |      0 |   1228 |   4 |  428.2 |
       Dungeon |   1713 |   1575 |    138 |      0 |   1228 |   4 |  428.2 |
               +--------+--------+--------+--------+--------+-----+--------+

Top non-repeatable levels by time:
     D:1: 890 daAuts
     D:2: 652 daAuts
     D:3: 119 daAuts
     D:4: 50 daAuts
